 Dungeon Crawl Stone Soup version 0.28-a0-816-gb054d885db (webtiles) character file.

Game seed: 4606012112386840727

17259 Crownlay the Cleaver (level 12, 0/106 HPs)
             Began as a Hill Orc Fighter on Nov 8, 2021.
             Was a High Priest of Okawaru.
             Slain by a water moccasin (3 damage)
             ... on level 3 of the Lair of Beasts.
             The game lasted 00:25:13 (15211 turns).

Crownlay the Cleaver (Hill Orc Fighter)            Turns: 15211, Time: 00:25:14

Health: 0/106      AC: 27    Str: 30    XL:     12   Next: 46%
Magic:  17/18      EV: 10    Int:  9    God:    Okawaru [*****.]
Gold:   607        SH:  7    Dex: 10    Spells: 11/11 levels left

rFire   . . .      SeeInvis .   A - +7 hand axe of Siolacao {protect, rPois rC+ Int-5}
rCold   + . .      Faith    .   c - +0 buckler
rNeg    . . .      Spirit   .   m - +2 chain mail {Will+}
rPois   +          Reflect  .   r - +0 helmet
rElec   .          Harm     .   N - +1 cloak {Stlth+}
rCorr   .          Rampage  .   i - +0 pair of gloves
Will    +....                   (no boots)
Stlth   +.........              (no amulet)
HPRegen 0.27/turn               G - +6 ring of intelligence
MPRegen 0.16/turn               z - +6 ring of strength

@: heroic, under a protective aura
A: no striking features
a: Renounce Religion, Heroism, Finesse, Duel


You were on level 3 of the Lair of Beasts.
You worshipped Okawaru.
Okawaru was extremely pleased with you.
You visited 3 branches of the dungeon, and saw 14 of its levels.

You collected 607 gold pieces.

Inventory:

Hand Weapons
 A - the +7 hand axe of Siolacao (weapon) {protect, rPois rC+ Int-5}
   (You found it on level 7 of the Dungeon)

   It grants its wielder temporary protection when it strikes (+7 to AC).
   Int:       It affects your intelligence (-5).
   rC:        It protects you from cold.
   rPois:     It protects you from poison.
 L - a +5 vampiric spear
Missiles
 n - 5 silver javelins
 D - 2 curare-tipped darts (quivered)
 I - a throwing net
 K - 2 boomerangs
Armour
 c - a +0 buckler (worn)
 i - a +0 pair of gloves (worn)
 m - a +2 chain mail of willpower (worn)
 r - a +0 helmet (worn)
 H - a +0 plate armour of poison resistance
 N - a +1 cloak of stealth (worn)
Jewellery
 z - a +6 ring of strength (right hand)
 G - a +6 ring of intelligence (left hand)
Wands
 a - a wand of iceblast (8)
 s - a wand of digging (4)
 u - a wand of flame (20)
 C - a wand of polymorph (1)
Scrolls
 b - a scroll of enchant weapon
 f - 3 scrolls of blinking
 o - 2 scrolls of noise
 p - a scroll of silence {unknown}
 q - a scroll of fog {unknown}
 v - 5 scrolls of teleportation
 w - 2 scrolls of magic mapping
 x - 3 scrolls of amnesia
 y - 2 scrolls of immolation
 E - 3 scrolls of holy word
 J - a scroll of enchant armour {unknown}
 M - a scroll of vulnerability {unknown}
Potions
 d - 5 potions of might
 e - a potion of mutation
 g - a potion of lignification
 h - 6 potions of flight
 j - a potion of haste {unknown}
 k - 4 potions of attraction
 l - 4 potions of curing
 t - 2 potions of brilliance
 B - 3 potions of heal wounds {unknown}
 F - 3 potions of ambrosia {unknown}


   Skills:
 - Level 10.0(15.0) Fighting
 - Level 14.0(19.0) Axes
 * Level 6.4(11.4) Throwing
 - Level 8.0(13.0) Armour
 + Level 9.6(14.6) Shields
 - Level 8.0 Invocations
 - Level 6.0 Evocations


You had 11 spell levels left.
You didn't know any spells.
Your spell library contained the following spells:

 Spells                   Type           Power      Damage    Failure   Level
 Freeze                   Ice            0%         1d3       80%         1
 Sandblast                Erth           0%         2d4       80%         1
 Slow                     Hex            0%         N/A       80%         1
 Passwall                 Tmut/Erth      0%         N/A       91%         2
 Confusing Touch          Hex            0%         N/A       99%         3
 Frozen Ramparts          Ice            0%         1d2       99%         3
 Stone Arrow              Conj/Erth      0%         3d7       99%         3
 Vampiric Draining        Necr           0%         2d6       99%         3
 Hailstorm                Conj/Ice       0%         3d3       100%        4
 Blade Hands              Tmut           0%         N/A       100%        5
 Iron Shot                Conj/Erth      0%         9d1       100%        6
 Animate Armour           Summ/Erth      Unusable   N/A       N/A         4

Dungeon Overview and Level Annotations

Branches:
Dungeon (10/15)            Temple (1/1) D:5            Lair (3/6) D:9
 Shoals (0/4) Lair:2          Orc (0/2) D:10
  Snake: Lair:2-4    Spider: Lair:2-4

Altars:
Ashenzari
Cheibriados
Dithmenos
Elyvilon
Fedhas
Gozag
Kikubaaqudgha
Makhleb
Nemelex Xobeh
Okawaru
Sif Muna
Trog
Uskayaw
Vehumet
Wu Jian
Zin

Shops:
D:8 =

Annotations:
Lair:3 Snorg


Message History

You slash Snorg!
Snorg is heavily wounded.
You slash the fungus!
A nearby fungus withers and dies.
You block Snorg's attack. Snorg claws you but does no damage.
Snorg barely misses you.
You slash Snorg!
Snorg is severely wounded.
Snorg bites you!! Snorg claws you but does no damage. Snorg claws you.
A water moccasin comes into view.
The water moccasin hisses angrily.
You slash Snorg!
Snorg is severely wounded.
You block Snorg's attack. Snorg barely misses you. Snorg completely misses you.
You slice Snorg!!
Snorg is almost dead.
Snorg bites you. Snorg closely misses you. x2
You closely miss Snorg.
Snorg is almost dead.
Snorg bites you!! Snorg closely misses you. Snorg barely misses you.
You are too injured to fight recklessly!
You are too injured to fight recklessly!
You are too injured to fight recklessly!
You are too injured to fight recklessly!
You are too injured to fight recklessly!
You closely miss Snorg.
Snorg is almost dead.
A water moccasin comes into view.
Snorg completely misses you. Snorg claws you! x2
* * * LOW HITPOINT WARNING * * *
The water moccasin hisses angrily.
Snorg bites you!
* * * LOW HITPOINT WARNING * * *
Snorg barely misses you. Snorg closely misses you.
You slice Snorg!!
Snorg is almost dead.
You hit the water moccasin. You hit the plant.
The plant begins to die.
Snorg bites you!
* * * LOW HITPOINT WARNING * * *
You block Snorg's attack. x2; The water moccasin bites you.
You die...

...P##...##P.....
#...##.........P.
#..##............
#..#.............
#...#............ . #
###..##............
...#.#..................
......T.................
#.....S@...#..........#.
..S....P...#..#.##...
.###............. ..
#.............
#.....##.##.#.. #....##
## .. #P... ##...


You could see Snorg (berserk) and 2 water moccasins.

Vanquished Creatures
  Harold (D:7)
  Erolcha (D:9)
  2 hydras
  A two-headed ogre (D:9)
  2 black mambas (Lair:1)
  3 cane toads
  A gargoyle (D:7)
  5 komodo dragons
  3 kobold demonologists
  A troll (D:7)
  2 polar bears (Lair:1)
  2 shadows (D:10)
  3 yaks (Lair:2)
  5 wyverns
  A basilisk (Lair:3)
  3 steam dragons
  2 vampire mosquitoes (D:10)
  4 wargs (D:10)
  5 water moccasins
  7 orc warriors
  An ice beast (D:6)
  2 sky beasts
  A black bear (D:3)
  A necrophage (D:5)
  8 wolves
  7 ogres
  10 centaurs
  5 kobold brigands
  4 phantoms
  6 bullfrogs
  3 scorpions
  A gnoll sergeant (D:9)
  15 killer bees
  4 wights (D:7)
  A howler monkey (D:6)
  3 electric eels
  5 centaur zombies
  3 jellies
  3 orc priests
  2 iguanas
  9 orc wizards
  A killer bee zombie (D:4)
  A hound skeleton (D:5)
  A howler monkey zombie (D:7)
  Robin (D:3)
  9 adders
  5 gnolls (D:9)
  2 white imps (D:7)
  An ufetubus (D:6)
  2 adder skeletons (D:4)
  5 dart slugs
  37 orcs
  7 endoplasms
  3 giant cockroaches
  10 goblins
  7 hobgoblins
  A jackal (D:5)
  5 quokkas
  6 ball pythons
  4 bats
  3 frilled lizards
  24 kobolds
  A rat (D:3)
284 creatures vanquished.

Vanquished Creatures (others)
  6 fungi
  19 plants
25 creatures vanquished.

Grand Total: 309 creatures vanquished

Notes
Turn   | Place    | Note
-------+----------+-------------------------------------------
     0 | D:1      | Crownlay the Hill Orc Fighter began the quest for the Orb.
     0 | D:1      | Reached XP level 1. HP: 19/19 MP: 1/1
   146 | D:1      | Reached skill level 3 in Axes
   392 | D:1      | Reached XP level 2. HP: 19/26 MP: 2/2
   696 | D:1      | Found a faded altar of an unknown god.
  1089 | D:2      | Reached XP level 3. HP: 31/31 MP: 3/3
  1125 | D:2      | Reached skill level 4 in Axes
  1133 | D:2      | Reached XP level 4. HP: 15/39 MP: 4/4
  1417 | D:2      | Reached skill level 5 in Axes
  2035 | D:3      | Noticed Robin
  2049 | D:3      | Killed Robin
  2167 | D:3      | Reached skill level 6 in Axes
  2260 | D:3      | Reached XP level 5. HP: 45/45 MP: 5/5
  2277 | D:3      | Found a broken altar of Ashenzari.
  2572 | D:4      | Noticed a phantom
  2589 | D:4      | Killed a phantom
  2590 | D:4      | Reached skill level 7 in Axes
  2609 | D:4      | Reached XP level 6. HP: 47/51 MP: 6/6
  2615 | D:4      | Noticed a black bear
  2633 | D:3      | Killed a black bear
  2634 | D:3      | Reached skill level 8 in Axes
  2719 | D:4      | Reached skill level 9 in Axes
  2792 | D:4      | Reached XP level 7. HP: 52/57 MP: 7/7
  3049 | D:4      | Found a white marble altar of Elyvilon.
  3148 | D:5      | Entered Level 5 of the Dungeon
  3175 | D:5      | Reached skill level 10 in Axes
  3206 | D:5      | Reached skill level 11 in Axes
  3206 | D:5      | Reached XP level 8. HP: 39/64 MP: 8/8
  3246 | D:5      | Reached skill level 12 in Axes
  3569 | D:5      | Found a shimmering blue altar of Sif Muna.
  3643 | D:5      | Found a staircase to the Ecumenical Temple.
  3664 | D:5      | Reached skill level 13 in Axes
  3687 | D:5      | HP: 1/64 [orc priest/divine providence (13)]
  3693 | Temple   | Entered the Ecumenical Temple
  3995 | Temple   | Became a worshipper of Warmaster Okawaru
  4787 | D:6      | Found a snail-covered altar of Cheibriados.
  4811 | D:6      | Reached skill level 1 in Invocations
  4811 | D:6      | Reached XP level 9. HP: 63/71 MP: 8/10
  4908 | D:6      | Reached skill level 14 in Axes
  5113 | D:6      | Reached * piety under Okawaru
  5114 | D:6      | Reached skill level 5 in Fighting
  5310 | D:6      | Found a hide-covered altar of Uskayaw.
  5889 | D:6      | Found an opulent altar of Gozag.
  6185 | D:7      | Reached skill level 5 in Invocations
  6459 | D:7      | Noticed a gargoyle
  6475 | D:7      | Killed a gargoyle
  6616 | D:7      | Identified the +7 hand axe of Siolacao {protect, rPois rC+
                  | Int-5}
  6859 | D:7      | Reached ** piety under Okawaru
  6893 | D:7      | Noticed Harold
  6914 | D:7      | Killed Harold
  6915 | D:7      | Reached skill level 10 in Fighting
  6915 | D:7      | Reached skill level 1 in Evocations
  6915 | D:7      | Reached XP level 10. HP: 49/93 MP: 12/14
  7138 | D:7      | Reached *** piety under Okawaru
  8222 | D:8      | Found Ovusm's Jewellery Shop.
  8643 | D:9      | Noticed a kobold demonologist
  8643 | D:9      | Noticed a kobold demonologist
  8643 | D:9      | Noticed a kobold demonologist
  8650 | D:8      | Killed a kobold demonologist
  8653 | D:8      | Killed a kobold demonologist
  8653 | D:8      | Reached **** piety under Okawaru
  8682 | D:9      | Reached skill level 5 in Evocations
  8682 | D:9      | Killed a kobold demonologist
  8813 | D:9      | Noticed Erolcha
  8831 | D:9      | Killed Erolcha
  8832 | D:9      | Reached skill level 5 in Shields
  8832 | D:9      | Reached XP level 11. HP: 77/99 MP: 15/17
  8961 | D:9      | Reached skill level 5 in Armour
  9285 | D:9      | Found a staircase to the Lair.
  9313 | D:9      | Identified the +1 ring mail of Greed {Rampage}
  9528 | D:9      | Noticed a two-headed ogre
  9545 | D:9      | Killed a two-headed ogre
 10032 | D:10     | Entered Level 10 of the Dungeon
 10115 | D:10     | Reached ***** piety under Okawaru
 10801 | D:10     | Found a staircase to the Orcish Mines.
 11614 | Lair:1   | Entered Level 1 of the Lair of Beasts
 11636 | Lair:1   | Reached skill level 1 in Throwing
 12181 | Lair:1   | Reached XP level 12. HP: 85/106 MP: 18/18
 12935 | Lair:2   | Found a staircase to the Shoals.
 12937 | Lair:2   | Noticed a six-headed hydra
 12941 | Lair:2   | Received a gift from Okawaru
 13440 | Lair:2   | Reached skill level 5 in Throwing
 14018 | Lair:2   | Received a gift from Okawaru
 14107 | Lair:2   | Killed a six-headed hydra
 14924 | Lair:3   | Identified the +0 ring mail "Jueseffy" {Will+ Int+4}
 14953 | Lair:3   | Noticed a four-headed hydra
 14973 | Lair:3   | Killed a four-headed hydra
 15195 | Lair:3   | Noticed Snorg
 15211 | Lair:3   | HP: 3/106 [Snorg (15)]
 15211 | Lair:3   | Slain by a water moccasin

Illustrated notes

Levels and vault maps discovered:
D:1:      elethiomel_arrival_infinity_welcomes_careful_drivers, layout_basic,
          hellmonk_ecumenical_altar_crossroads
D:2:      layout_basic, kennysheep_generic_room_15
D:3:      layout_loops_ring, lemuel_crystal_altar, uniq_robin
D:4:      layout_cave_pools, lemuel_round_altar
D:5:      cheibrodos_fzero, layout_loops_ring,
          mainiacjoe_overflow_cross_hatched, minmay_temple_entry_waves,
          serial_glass, glass_columns_a, glass_columns_c
D:6:      layout_basic, overflow_temple_1_default, mainiacjoe_overflow_swirl
D:7:      layout_loops_cross, dk_noncrumbling_2, uniq_harold
D:8:      layout_loops_ring, serial_shops, shop_fountains, grunt_decor_clamped
D:9:      layout_roguey, erik_lair_dragon, uniq_erolcha
D:10:     layout_roguey, nooodl_orcs_dogs
Temple:   regret_index_temple_sphere_string
Lair:1:   layout_regular_city, cheibrodos_lair_lostbears, serial_bayou_shore_b
Lair:2:   layout_gridlike, minmay_shoals_entry_centaurs,
          minmay_stone_trees_small, serial_bayou_shore_b, lemuel_fruit_tree
Lair:3:   layout_gridlike, grunt_megastairs_4, uniq_snorg

Skill      XL: |  1  2  3  4  5  6  7  8  9 10 11 12 |
---------------+-------------------------------------+-----
Axes           | 3 4 6 7 9 11 13 14 | 14.0
Shields        | 4 5 8 9 |  9.6
Fighting       | 4 10 | 10.0
Invocations    | 1 5 8 |  8.0
Evocations     | 1 6 |  6.0
Armour         | 4 8 |  8.0
Throwing       | 3 6 |  6.4

Action                   |  1- 3 |  4- 6 |  7- 9 | 10-12 || total
-------------------------+-------+-------+-------+-------++-------
Melee: War axe           |    62 |   160 |   270 |       ||   492
       Hand axe          |       |       |    43 |   511 ||   554
       Unarmed           |       |       |       |    10 ||    10
       Spear             |       |       |       |    21 ||    21
Throw: Throwing net      |       |       |     2 |       ||     2
       Dart              |       |       |       |     2 ||     2
Invok: Heroism           |       |       |     2 |     7 ||     9
Evoke: Wand              |       |       |       |     4 ||     4
  Use: Scroll            |       |       |     7 |    10 ||    17
       Potion            |       |       |     4 |       ||     4
 Stab: Held in net/web   |       |       |     2 |       ||     2
Armor: Scale mail        |    20 |       |       |       ||    20
       Chain mail        |    15 |   117 |   120 |   263 ||   515
Dodge: Dodged            |    18 |    62 |    86 |   185 ||   351
Block: Buckler           |     7 |    36 |    40 |   113 ||   196

Table legend: (Time is in decaauts)
 A = Elapsed time spent in this place.
 B = Non-inter-level travel time spent in this place.
 C = Inter-level travel time spent in this place.
 D = Time resting spent in this place.
 E = Time spent auto-exploring this place.
 F = Levels seen in this place.
 G = Mean time per level.
                   A        B        C        D        E       F      G
               +--------+--------+--------+--------+--------+-----+--------+
         Total |  14999 |  14338 |    661 |    181 |  12003 |  14 | 1071.4 |
       Dungeon |  10962 |  10473 |    489 |      3 |   8959 |  10 | 1096.2 |
        Temple |    636 |    608 |     28 |      0 |    566 |   1 |  636.0 |
          Lair |   3400 |   3257 |    143 |    178 |   2478 |   3 | 1133.3 |
               +--------+--------+--------+--------+--------+-----+--------+

Top non-repeatable levels by time:
  Lair:2: 1690 daAuts
     D:9: 1547 daAuts
  Lair:1: 1438 daAuts
    D:10: 1433 daAuts
     D:7: 1358 daAuts
     D:6: 1247 daAuts
     D:8: 1213 daAuts
     D:1: 1081 daAuts
     D:5: 967 daAuts
     D:2: 797 daAuts
     D:3: 738 daAuts
  Temple: 636 daAuts
     D:4: 577 daAuts
  Lair:3: 271 daAuts
